Workbook

Sheet UPPAbaby_Order_Form
D1: UPPAbaby Canada Price List - 2026
A2: RETAILER: | D2: ORDER DATE:
A3: CONTACT NAME: | D3: CONTACT PHONE:
A4: CONTACT EMAIL:
A5: SHIPPING ADDRESS:
A6: Min Order Value: $300. For orders less than $300, there is a $10 processing fee.
A7: SKU | B7: UPC CODES | C7: DESCRIPTION | D7: CASEPACK QTY | E7: WHOLESALE (CAD) | F7: MSRP (CAD) | G7: STOCK STATUS ON | H7: STOCK STATUS BC | I7: QTY | J7: TOTAL
A9: Strollers
A10: Vista V3 Strollers
A11: 0303-VSO-NA-ADA | B11: 810177718468 | C11: Vista V3 Stroller - Ada - Sandstone Melange | Carbon Frame | Chestnut Leather | D11: 1 | E11: 750 | F11: 1299.99 | G11: =VLOOKUP($A11,Stock_Status!$A:$C,2,FALSE) -> Low Stock | H11: =VLOOKUP($A11,Stock_Status!$A:$C,3,FALSE) -> In Stock | J11: =E11*I11 -> 0
A12: 0303-VSO-NA-CLM | B12: 810142394352 | C12: Vista V3 Stroller - Callum - Stone Blue | Silver Frame | Sand Leather | D12: 1 | E12: 750 | F12: 1299.99 | G12: =VLOOKUP($A12,Stock_Status!$A:$C,2,FALSE) -> In Stock | H12: =VLOOKUP($A12,Stock_Status!$A:$C,3,FALSE) -> In Stock | J12: =E12*I12 -> 0
A13: 0303-VSO-NA-EVE | B13: 810177712343 | C13: Vista V3 Stroller - Evelyn - Meadow Green | Graphite Frame | Chestnut Leather | D13: 1 | E13: 750 | F13: 1299.99 | G13: =VLOOKUP($A13,Stock_Status!$A:$C,2,FALSE) -> In Stock | H13: =VLOOKUP($A13,Stock_Status!$A:$C,3,FALSE) -> Low Stock | J13: =E13*I13 -> 0
A14: 0303-VSO-NA-GRY | B14: 810142394116 | C14: Vista V3 Stroller - Greyson - Charcoal Mélange | Carbon Frame | Saddle Leather | D14: 1 | E14: 750 | F14: 1299.99 | G14: =VLOOKUP($A14,Stock_Status!$A:$C,2,FALSE) -> In Stock | H14: =VLOOKUP($A14,Stock_Status!$A:$C,3,FALSE) -> In Stock | J14: =E14*I14 -> 0
A15: 0303-VSO-NA-GWN | B15: 810142390064 | C15: Vista V3 Stroller - Gwen - Green Mélange | Carbon Frame | Saddle Leather *DISCONTINUED | D15: 1 | E15: 675 | F15: 1169.99 | G15: =VLOOKUP($A15,Stock_Status!$A:$C,2,FALSE) -> Out Of Stock | H15: =VLOOKUP($A15,Stock_Status!$A:$C,3,FALSE) -> Out Of Stock | J15: =E15*I15 -> 0
A16: 0303-VSO-NA-JMS | B16: 810208790685 | C16: Vista V3 Stroller - James - Black | Carbon Frame | Black Leather | D16: 1 | E16: 750 | F16: 1299.99 | G16: =VLOOKUP($A16,Stock_Status!$A:$C,2,FALSE) -> In Stock | H16: =VLOOKUP($A16,Stock_Status!$A:$C,3,FALSE) -> In Stock | J16: =E16*I16 -> 0
A17: 0303-VSO-NA-JUL | B17: 810177712350 | C17: Vista V3 Stroller - Julian - Dusty Blue Mélange | Carbon Frame | Chestnut Leather | D17: 1 | E17: 675 | F17: 1169.99 | G17: =VLOOKUP($A17,Stock_Status!$A:$C,2,FALSE) -> In Stock | H17: =VLOOKUP($A17,Stock_Status!$A:$C,3,FALSE) -> In Stock | J17: =E17*I17 -> 0
A18: 0303-VSO-NA-KNZ | B18: 810142394291 | C18: Vista V3 Stroller - Kenzi - Mystic Aqua | Carbon Frame | Saddle Leather *DISCONTINUED | D18: 1 | E18: 675 | F18: 1169.99 | G18: =VLOOKUP($A18,Stock_Status!$A:$C,2,FALSE) -> Out Of Stock | H18: =VLOOKUP($A18,Stock_Status!$A:$C,3,FALSE) -> In Stock | J18: =E18*I18 -> 0
A19: 0303-VSO-NA-OWN | B19: 810177712367 | C19: Vista V3 Stroller - Owen - Mocha Mélange | Carbon Frame | Chestnut Leather | D19: 1 | E19: 750 | F19: 1299.99 | G19: =VLOOKUP($A19,Stock_Status!$A:$C,2,FALSE) -> In Stock | H19: =VLOOKUP($A19,Stock_Status!$A:$C,3,FALSE) -> In Stock | J19: =E19*I19 -> 0
A20: 0303-VSO-NA-SAV | B20: 810142394369 | C20: Vista V3 Stroller - Savannah - Pearl Gray Jacquard | Carbon Frame | Chestnut Leather | D20: 1 | E20: 675 | F20: 1169.99 | G20: =VLOOKUP($A20,Stock_Status!$A:$C,2,FALSE) -> Very Low Stock | H20: =VLOOKUP($A20,Stock_Status!$A:$C,3,FALSE) -> In Stock | J20: =E20*I20 -> 0
A21: 0303-VSO-NA-THO | B21: 810142394239 | C21: Vista V3 Stroller - Theo - Dark Taupe | Silver Frame | Chestnut Leather *DISCONTINUED | D21: 1 | E21: 750 | F21: 1299.99 | G21: =VLOOKUP($A21,Stock_Status!$A:$C,2,FALSE) -> Out Of Stock | H21: =VLOOKUP($A21,Stock_Status!$A:$C,3,FALSE) -> In Stock | J21: =E21*I21 -> 0
A22: 0303-VSO-NA | I22: =SUM(I11:I21) -> 0 | J22: =E22*I22 -> 0
A23: Bassinet V3
A24: 0903-BAS-NA-ADA | B24: 810177718505 | C24: Bassinet V3 - Ada - Sandstone Melange | Carbon Fram | D24: 1 | E24: 173.99 | F24: 299.99 | G24: =VLOOKUP($A24,Stock_Status!$A:$C,2,FALSE) -> Very Low Stock | H24: =VLOOKUP($A24,Stock_Status!$A:$C,3,FALSE) -> Out Of Stock | J24: =E24*I24 -> 0
A25: 0903-BAS-NA-CLM | B25: 810142394826 | C25: Bassinet V3 - Callum - Stone Blue | Silver Frame | D25: 1 | E25: 173.99 | F25: 299.99 | G25: =VLOOKUP($A25,Stock_Status!$A:$C,2,FALSE) -> In Stock | H25: =VLOOKUP($A25,Stock_Status!$A:$C,3,FALSE) -> In Stock | J25: =E25*I25 -> 0
A26: 0903-BAS-NA-DCL | B26: 810142394574 | C26: Bassinet V3 - Declan - Oat Mélange | Silver Frame *DISCONTINUED | D26: 1 | E26: 119 | F26: 199.99 | G26: =VLOOKUP($A26,Stock_Status!$A:$C,2,FALSE) -> Out Of Stock | H26: =VLOOKUP($A26,Stock_Status!$A:$C,3,FALSE) -> Out Of Stock | J26: =E26*I26 -> 0
A27: 0903-BAS-NA-EVE | B27: 810177712732 | C27: Bassinet V3 - Evelyn - Meadow Green | Graphite Frame | D27: 1 | E27: 173.99 | F27: 299.99 | G27: =VLOOKUP($A27,Stock_Status!$A:$C,2,FALSE) -> Low Stock | H27: =VLOOKUP($A27,Stock_Status!$A:$C,3,FALSE) -> Low Stock | J27: =E27*I27 -> 0
A28: 0903-BAS-NA-GRY | B28: 810142394628 | C28: Bassinet V3 - Greyson - Charcoal Mélange | Carbon Frame | D28: 1 | E28: 173.99 | F28: 299.99 | G28: =VLOOKUP($A28,Stock_Status!$A:$C,2,FALSE) -> In Stock | H28: =VLOOKUP($A28,Stock_Status!$A:$C,3,FALSE) -> In Stock | J28: =E28*I28 -> 0
A29: 0903-BAS-NA-GWN | B29: 810142394475 | C29: Bassinet V3 - Gwen - Green Mélange | Carbon Frame | D29: 1 | E29: 173.99 | F29: 299.99 | G29: =VLOOKUP($A29,Stock_Status!$A:$C,2,FALSE) -> Very Low Stock | H29: =VLOOKUP($A29,Stock_Status!$A:$C,3,FALSE) -> In Stock | J29: =E29*I29 -> 0
A30: 0903-BAS-NA-JKE | B30: 810142394529 | C30: Bassinet V3 - Jake - Charcoal | Carbon Frame | D30: 1 | E30: 173.99 | F30: 299.99 | G30: =VLOOKUP($A30,Stock_Status!$A:$C,2,FALSE) -> Out Of Stock | H30: =VLOOKUP($A30,Stock_Status!$A:$C,3,FALSE) -> Very Low Stock | J30: =E30*I30 -> 0
A31: 0903-BAS-NA-JMS | B31: 810208790722 | C31: Bassinet V3 - James - Black | Carbon Frame | Black Leather | D31: 1 | E31: 173.99 | F31: 299.99 | G31: =VLOOKUP($A31,Stock_Status!$A:$C,2,FALSE) -> In Stock | H31: =VLOOKUP($A31,Stock_Status!$A:$C,3,FALSE) -> Out Of Stock | J31: =E31*I31 -> 0
A32: 0903-BAS-NA-JUL | B32: 810177712749 | C32: Bassinet V3 - Julian - Dusty Blue Mélange | Carbon Frame | D32: 1 | E32: 173.99 | F32: 299.99 | G32: =VLOOKUP($A32,Stock_Status!$A:$C,2,FALSE) -> In Stock | H32: =VLOOKUP($A32,Stock_Status!$A:$C,3,FALSE) -> In Stock | J32: =E32*I32 -> 0
A33: 0903-BAS-NA-OWN | B33: 810177712756 | C33: Bassinet V3 - Owen - Mocha Mélange | Carbon Frame | D33: 1 | E33: 173.99 | F33: 299.99 | G33: =VLOOKUP($A33,Stock_Status!$A:$C,2,FALSE) -> In Stock | H33: =VLOOKUP($A33,Stock_Status!$A:$C,3,FALSE) -> In Stock | J33: =E33*I33 -> 0
A34: 0903-BAS-NA-SAV | B34: 810142394833 | C34: Bassinet V3 - Savannah - Pearl Gray Jacquard | Carbon Frame | D34: 1 | E34: 173.99 | F34: 299.99 | G34: =VLOOKUP($A34,Stock_Status!$A:$C,2,FALSE) -> In Stock | H34: =VLOOKUP($A34,Stock_Status!$A:$C,3,FALSE) -> In Stock | J34: =E34*I34 -> 0
A35: 0903-BAS-NA-THO | B35: 810142394727 | C35: Bassinet V3 - Theo - Dark Taupe | Silver Frame | D35: 1 | E35: 173.99 | F35: 299.99 | G35: =VLOOKUP($A35,Stock_Status!$A:$C,2,FALSE) -> In Stock | H35: =VLOOKUP($A35,Stock_Status!$A:$C,3,FALSE) -> In Stock | J35: =E35*I35 -> 0
A36: 0903-BAS-NA | I36: =SUM(I24:I35) -> 0 | J36: =E36*I36 -> 0
A37: RumbleSeat V3
A38: 0904-RBS-NA-ADA | B38: 810177718543 | C38: RumbleSeat V3 - Ada - Sandstone Melange | Carbon Frame | Chestnut Leather | D38: 1 | E38: 250 | F38: 429.99 | G38: =VLOOKUP($A38,Stock_Status!$A:$C,2,FALSE) -> In Stock | H38: =VLOOKUP($A38,Stock_Status!$A:$C,3,FALSE) -> In Stock | J38: =E38*I38 -> 0
A39: 0904-RBS-NA-CLM | B39: 810142395274 | C39: RumbleSeat V3 - Callum - Stone Blue | Silver Frame | Sand Leather | D39: 1 | E39: 250 | F39: 429.99 | G39: =VLOOKUP($A39,Stock_Status!$A:$C,2,FALSE) -> In Stock | H39: =VLOOKUP($A39,Stock_Status!$A:$C,3,FALSE) -> In Stock | J39: =E39*I39 -> 0
A40: 0904-RBS-NA-DCL | B40: 810142395021 | C40: RumbleSeat V3 - Declan - Oat Mélange | Silver Frame | Chestnut Leather *DISCONTINUED | D40: 1 | E40: 225 | F40: 343.99 | G40: =VLOOKUP($A40,Stock_Status!$A:$C,2,FALSE) -> Out Of Stock | H40: =VLOOKUP($A40,Stock_Status!$A:$C,3,FALSE) -> In Stock | J40: =E40*I40 -> 0
A41: 0904-RBS-NA-EVE | B41: 810177712893 | C41: RumbleSeat V3 - Evelyn - Meadow Green | Graphite Frame | Chestnut Leather | D41: 1 | E41: 250 | F41: 429.99 | G41: =VLOOKUP($A41,Stock_Status!$A:$C,2,FALSE) -> In Stock | H41: =VLOOKUP($A41,Stock_Status!$A:$C,3,FALSE) -> In Stock | J41: =E41*I41 -> 0
A42: 0904-RBS-NA-GRY | B42: 810142395076 | C42: RumbleSeat V3 - Greyson - Charcoal Mélange | Carbon Frame | Saddle Leather | D42: 1 | E42: 250 | F42: 429.99 | G42: =VLOOKUP($A42,Stock_Status!$A:$C,2,FALSE) -> In Stock | H42: =VLOOKUP($A42,Stock_Status!$A:$C,3,FALSE) -> In Stock | J42: =E42*I42 -> 0
A43: 0904-RBS-NA-GWN | B43: 810142394925 | C43: RumbleSeat V3 - Gwen - Green Mélange | Carbon Frame | Saddle Leather | D43: 1 | E43: 250 | F43: 429.99 | G43: =VLOOKUP($A43,Stock_Status!$A:$C,2,FALSE) -> In Stock | H43: =VLOOKUP($A43,Stock_Status!$A:$C,3,FALSE) -> In Stock | J43: =E43*I43 -> 0
A44: 0904-RBS-NA-JKE | B44: 810142394970 | C44: RumbleSeat V3 - Jake - Charcoal | Carbon Frame | Black Leather | D44: 1 | E44: 250 | F44: 429.99 | G44: =VLOOKUP($A44,Stock_Status!$A:$C,2,FALSE) -> Out Of Stock | H44: =VLOOKUP($A44,Stock_Status!$A:$C,3,FALSE) -> Out Of Stock | J44: =E44*I44 -> 0
A45: 0904-RBS-NA-JMS | B45: 810208790760 | C45: RumbleSeat V3- James - Black | Carbon Frame | Black Leather | D45: 1 | E45: 250 | F45: 429.99 | G45: =VLOOKUP($A45,Stock_Status!$A:$C,2,FALSE) -> In Stock | H45: =VLOOKUP($A45,Stock_Status!$A:$C,3,FALSE) -> In Stock | J45: =E45*I45 -> 0
A46: 0904-RBS-NA-JUL | B46: 810177712909 | C46: RumbleSeat V3 - Julian - Dusty Blue Mélange | Carbon Frame | Chestnut Leather | D46: 1 | E46: 250 | F46: 429.99 | G46: =VLOOKUP($A46,Stock_Status!$A:$C,2,FALSE) -> In Stock | H46: =VLOOKUP($A46,Stock_Status!$A:$C,3,FALSE) -> In Stock | J46: =E46*I46 -> 0
A47: 0904-RBS-NA-KNZ | B47: 810142395229 | C47: RumbleSeat V3 - Kenzi - Mystic Aqua | Carbon Frame | Saddle Leather | D47: 1 | E47: 250 | F47: 429.99 | G47: =VLOOKUP($A47,Stock_Status!$A:$C,2,FALSE) -> In Stock | H47: =VLOOKUP($A47,Stock_Status!$A:$C,3,FALSE) -> Out Of Stock | J47: =E47*I47 -> 0
A48: 0904-RBS-NA-NOA | B48: 810142395120 | C48: RumbleSeat V3 - Noa - Navy | Carbon Frame | Saddle Leather | D48: 1 | E48: 250 | F48: 429.99 | G48: =VLOOKUP($A48,Stock_Status!$A:$C,2,FALSE) -> In Stock | H48: =VLOOKUP($A48,Stock_Status!$A:$C,3,FALSE) -> Out Of Stock | J48: =E48*I48 -> 0
A49: 0904-RBS-NA-OWN | B49: 810177712916 | C49: RumbleSeat V3 - Owen - Mocha Mélange | Carbon Frame | Chestnut Leather | D49: 1 | E49: 250 | F49: 429.99 | G49: =VLOOKUP($A49,Stock_Status!$A:$C,2,FALSE) -> In Stock | H49: =VLOOKUP($A49,Stock_Status!$A:$C,3,FALSE) -> In Stock | J49: =E49*I49 -> 0
... A51: 0904-RBS-NA-THO | B51: 810142395175 | C51: RumbleSeat V3 - Theo - Dark Taupe | Silver Frame | Chestnut Leather | D51: 1 | E51: 250 | F51: 429.99 | G51: =VLOOKUP($A51,Stock_Status!$A:$C,2,FALSE) -> In Stock | H51: =VLOOKUP($A51,Stock_Status!$A:$C,3,FALSE) -> Out Of Stock | J51: =E51*I51 -> 0
A52: 0904-RBS-NA | I52: =SUM(I38:I51) -> 0
A53: V2+ RumbleSeats
A54: 0903-RBS-CA-ATH | B54: 810129596601 | C54: Rumble Seat V2+ Anthony - White and Grey Chenille | Carbon Frame | Chestnut Leather | D54: 1 | E54: 226.2 | F54: 389.99 | G54: =VLOOKUP($A54,Stock_Status!$A:$C,2,FALSE) -> Out Of Stock | H54: =VLOOKUP($A54,Stock_Status!$A:$C,3,FALSE) -> Out Of Stock | J54: =E54*I54 -> 0
A55: 0903-RBS-CA-STL | B55: 810129596526 | C55: Rumble Seat V2+ Stella - Grey Brushed Mélange | Silver Frame | Chestnut Leather | D55: 1 | E55: 226.2 | F55: 389.99 | G55: =VLOOKUP($A55,Stock_Status!$A:$C,2,FALSE) -> In Stock | H55: =VLOOKUP($A55,Stock_Status!$A:$C,3,FALSE) -> Out Of Stock | J55: =E55*I55 -> 0
A56: 0903-RBS-CA | I56: =I54+I55 -> 0
A57: Vista Accessories - All Models
A58: 0172 | B58: 817609011920 | C58: Vista RumbleSeat Rain Shield | D58: 4 | E58: 27 | F58: 44.99 | G58: =VLOOKUP($A58,Stock_Status!$A:$C,2,FALSE) -> In Stock | H58: =VLOOKUP($A58,Stock_Status!$A:$C,3,FALSE) -> Very Low Stock | J58: =E58*I58 -> 0
A59: 0214 | B59: 817609011708 | C59: Vista Upper Adapter (Sold in pairs) | D59: 2 | E59: 27 | F59: 44.99 | G59: =VLOOKUP($A59,Stock_Status!$A:$C,2,FALSE) -> In Stock | H59: =VLOOKUP($A59,Stock_Status!$A:$C,3,FALSE) -> Low Stock | J59: =E59*I59 -> 0
A60: 0217 | B60: 817609011913 | C60: Vista PiggyBack Ride-Along Board | D60: 4 | E60: 114 | F60: 189.99 | G60: =VLOOKUP($A60,Stock_Status!$A:$C,2,FALSE) -> In Stock | H60: =VLOOKUP($A60,Stock_Status!$A:$C,3,FALSE) -> In Stock | J60: =E60*I60 -> 0
A61: 0237 | B61: 817609014631 | C61: Vista Snap On Wheel Reflectors | D61: 6 | E61: 13.8 | F61: 22.99 | G61: =VLOOKUP($A61,Stock_Status!$A:$C,2,FALSE) -> In Stock | H61: =VLOOKUP($A61,Stock_Status!$A:$C,3,FALSE) -> In Stock | J61: =E61*I61 -> 0
A62: 0273 | B62: 817609014082 | C62: Vista RumbleSeat/Bassinet Travel Bag | D62: 4 | E62: 66 | F62: 109.99 | G62: =VLOOKUP($A62,Stock_Status!$A:$C,2,FALSE) -> In Stock | H62: =VLOOKUP($A62,Stock_Status!$A:$C,3,FALSE) -> Out Of Stock | J62: =E62*I62 -> 0
A63: 0917-VLB-WW-BLK | B63: 817609016055 | C63: Vista Leather Handle Bar Cover (Black) - Fits Vista 2015 + Later | D63: 4 | E63: 45 | F63: 74.99 | G63: =VLOOKUP($A63,Stock_Status!$A:$C,2,FALSE) -> Out Of Stock | H63: =VLOOKUP($A63,Stock_Status!$A:$C,3,FALSE) -> Very Low Stock | J63: =E63*I63 -> 0
A64: 0919-VBC-WW | B64: 850001436724 | C64: Vista Basket Cover *Fits Models 2015 - 2019 | D64: 4 | E64: 24 | F64: 39.99 | G64: =VLOOKUP($A64,Stock_Status!$A:$C,2,FALSE) -> Out Of Stock | H64: =VLOOKUP($A64,Stock_Status!$A:$C,3,FALSE) -> Out Of Stock | J64: =E64*I64 -> 0
A65: 0920-VBC-WW | B65: 810129599251 | C65: Vista V2 Basket Cover | D65: 4 | E65: 24 | F65: 39.99 | G65: =VLOOKUP($A65,Stock_Status!$A:$C,2,FALSE) -> Out Of Stock | H65: =VLOOKUP($A65,Stock_Status!$A:$C,3,FALSE) -> Out Of Stock | J65: =E65*I65 -> 0
A66: 0901-VLA-NA | B66: 810030099659 | C66: Vista Lower Adapters (Compatible with Mesa/Aria/BAS/RBS) | D66: 2 | E66: 27 | F66: 44.99 | G66: =VLOOKUP($A66,Stock_Status!$A:$C,2,FALSE) -> In Stock | H66: =VLOOKUP($A66,Stock_Status!$A:$C,3,FALSE) -> In Stock | J66: =E66*I66 -> 0
A67: 0901-ATV-WW | B67: 810129597165 | C67: Vista All Terrian Wheels | D67: 1 | E67: 126 | F67: 209.99 | G67: =VLOOKUP($A67,Stock_Status!$A:$C,2,FALSE) -> In Stock | H67: =VLOOKUP($A67,Stock_Status!$A:$C,3,FALSE) -> In Stock | J67: =E67*I67 -> 0
I68: =SUM(I54:I55) -> 0
I69: =SUM(#REF!) -> #REF!
A70: Cruz V3 Strollers
A71: 0403-CRZ-NA-ADA | B71: 810177718581 | C71: Cruz V3 Stroller - Ada - Sandstone Melange | Carbon Frame | Chestnut Leather | D71: 1 | E71: 680 | F71: 1149.99 | G71: =VLOOKUP($A71,Stock_Status!$A:$C,2,FALSE) -> In Stock | H71: =VLOOKUP($A71,Stock_Status!$A:$C,3,FALSE) -> In Stock | J71: =E71*I71 -> 0
A72: 0403-CRZ-NA-CLM | B72: 810177711438 | C72: Cruz V3 Stroller - Callum - Stone Blue | Silver Frame | Sand Leather | D72: 1 | E72: 680 | F72: 1149.99 | G72: =VLOOKUP($A72,Stock_Status!$A:$C,2,FALSE) -> In Stock | H72: =VLOOKUP($A72,Stock_Status!$A:$C,3,FALSE) -> In Stock | J72: =E72*I72 -> 0
A73: 0403-CRZ-NA-EVE | B73: 810177712466 | C73: Cruz V3 Stroller - Evelyn - Meadow Green | Graphite Frame | Chestnut Leather | D73: 1 | E73: 680 | F73: 1149.99 | G73: =VLOOKUP($A73,Stock_Status!$A:$C,2,FALSE) -> Out Of Stock | H73: =VLOOKUP($A73,Stock_Status!$A:$C,3,FALSE) -> Out Of Stock | J73: =E73*I73 -> 0
A74: 0403-CRZ-NA-GRY | B74: 810177711407 | C74: Cruz V3 Stroller - Greyson - Charcoal Mélange | Carbon Frame | Saddle Leather | D74: 1 | E74: 680 | F74: 1149.99 | G74: =VLOOKUP($A74,Stock_Status!$A:$C,2,FALSE) -> In Stock | H74: =VLOOKUP($A74,Stock_Status!$A:$C,3,FALSE) -> In Stock | J74: =E74*I74 -> 0
A75: 0403-CRZ-NA-JMS | B75: 810208790807 | C75: Cruz V3 Stroller - James - Black | Carbon Frame | Black Leather | D75: 1 | E75: 680 | F75: 1149.99 | G75: =VLOOKUP($A75,Stock_Status!$A:$C,2,FALSE) -> In Stock | H75: =VLOOKUP($A75,Stock_Status!$A:$C,3,FALSE) -> In Stock | J75: =E75*I75 -> 0
A76: 0403-CRZ-NA-JUL | B76: 810177712473 | C76: Cruz V3 Stroller - Julian - Dusty Blue Mélange | Carbon Frame | Chestnut Leather | D76: 1 | E76: 680 | F76: 1149.99 | G76: =VLOOKUP($A76,Stock_Status!$A:$C,2,FALSE) -> In Stock | H76: =VLOOKUP($A76,Stock_Status!$A:$C,3,FALSE) -> In Stock | J76: =E76*I76 -> 0
A77: 0403-CRZ-NA-OWN | B77: 810177712480 | C77: Cruz V3 Stroller - Owen - Mocha Mélange | Carbon Frame | Chestnut Leather | D77: 1 | E77: 680 | F77: 1149.99 | G77: =VLOOKUP($A77,Stock_Status!$A:$C,2,FALSE) -> In Stock | H77: =VLOOKUP($A77,Stock_Status!$A:$C,3,FALSE) -> In Stock | J77: =E77*I77 -> 0
A78: 0403-CRZ-NA-SAV | B78: 810177711421 | C78: Cruz V3 Stroller - Savannah - Pearl Gray Jacquard | Carbon Frame | Chestnut Leather | D78: 1 | E78: 680 | F78: 1149.99 | G78: =VLOOKUP($A78,Stock_Status!$A:$C,2,FALSE) -> In Stock | H78: =VLOOKUP($A78,Stock_Status!$A:$C,3,FALSE) -> In Stock | J78: =E78*I78 -> 0
A79: 0403-CRZ-NA | I79: =SUM(I71:I78) -> 0
A80: Cruz Accessories - All Models
A81: 0270 | B81: 817609014129 | C81: Cruz PiggyBack Ride-Along Board *Fits all Cruz model before V2 | D81: 4 | E81: 102 | F81: 169.99 | G81: =VLOOKUP($A81,Stock_Status!$A:$C,2,FALSE) -> In Stock | H81: =VLOOKUP($A81,Stock_Status!$A:$C,3,FALSE) -> In Stock | J81: =E81*I81 -> 0
A82: 0917-CLB-WW-BLK | B82: 817609016062 | C82: Cruz Leather Handle Bar Cover (Black) | D82: 4 | E82: 45 | F82: 74.99 | G82: =VLOOKUP($A82,Stock_Status!$A:$C,2,FALSE) -> Out Of Stock | H82: =VLOOKUP($A82,Stock_Status!$A:$C,3,FALSE) -> In Stock | J82: =E82*I82 -> 0
A83: 0917-CLB-WW-SDL | B83: 817609015829 | C83: Cruz Leather Handle Bar Cover (Saddle) | D83: 4 | E83: 45 | F83: 74.99 | G83: =VLOOKUP($A83,Stock_Status!$A:$C,2,FALSE) -> Out Of Stock | H83: =VLOOKUP($A83,Stock_Status!$A:$C,3,FALSE) -> Low Stock | J83: =E83*I83 -> 0
A84: 0919-CBC-WW | B84: 850001436731 | C84: Cruz (2015-2019) Basket Cover *Fits Models 2015 - 2019 | D84: 4 | E84: 24 | F84: 39.99 | G84: =VLOOKUP($A84,Stock_Status!$A:$C,2,FALSE) -> Out Of Stock | H84: =VLOOKUP($A84,Stock_Status!$A:$C,3,FALSE) -> In Stock | J84: =E84*I84 -> 0
A85: 0919-CPB-WW | B85: 810030091370 | C85: Cruz V2 PiggyBack Ride Along Board *Fits V2 & V3 Models Only | D85: 4 | E85: 108 | F85: 179.99 | G85: =VLOOKUP($A85,Stock_Status!$A:$C,2,FALSE) -> Out Of Stock | H85: =VLOOKUP($A85,Stock_Status!$A:$C,3,FALSE) -> In Stock | J85: =E85*I85 -> 0
A86: 0920-VCB-WW | B86: 810030091899 | C86: Cruz V2 Basket Cover *Compatible for Cruz V2 | D86: 4 | E86: 24 | F86: 39.99 | G86: =VLOOKUP($A86,Stock_Status!$A:$C,2,FALSE) -> In Stock | H86: =VLOOKUP($A86,Stock_Status!$A:$C,3,FALSE) -> In Stock | J86: =E86*I86 -> 0
A87: 0901-CUA-WW | B87: 810129599954 | C87: Upper Adapters for Cruz V2 & V3 | D87: 4 | E87: 21 | F87: 34.99 | G87: =VLOOKUP($A87,Stock_Status!$A:$C,2,FALSE) -> In Stock | H87: =VLOOKUP($A87,Stock_Status!$A:$C,3,FALSE) -> Out Of Stock | J87: =E87*I87 -> 0
A88: 0901-CPR-WW | B88: 810177717164 | C88: Cruz V3 Performance Rain Shield | D88: 4 | E88: 33 | F88: 54.99 | G88: =VLOOKUP($A88,Stock_Status!$A:$C,2,FALSE) -> In Stock | H88: =VLOOKUP($A88,Stock_Status!$A:$C,3,FALSE) -> In Stock | J88: =E88*I88 -> 0
A89: 0903-CBC-WW | B89: 810177712213 | C89: Cruz V3 Stroller Basket Cover | D89: 4 | E89: 24 | F89: 39.99 | G89: =VLOOKUP($A89,Stock_Status!$A:$C,2,FALSE) -> In Stock | H89: =VLOOKUP($A89,Stock_Status!$A:$C,3,FALSE) -> Out Of Stock | J89: =E89*I89 -> 0
A90: Kona
A91: 2201-KNA-NA-ADA | B91: 810208791194 | C91: Kona Stroller - Ada - Sandstone Mélange | Carbon Frame | Chestnut Leather - NEW! ETA: October 2026 | D91: 1 | E91: 520 | F91: 899.99 | G91: Coming Soon | H91: Coming Soon | J91: =E91*I91 -> 0
A92: 2201-KNA-NA-EVE | B92: 810208791163 | C92: Kona Stroller - Evelyn - Meadow Green | Graphite Frame | Chestnut Leather - NEW! ETA: October 2026 | D92: 1 | E92: 520 | F92: 899.99 | G92: Coming Soon | H92: Coming Soon | J92: =E92*I92 -> 0
A93: 2201-KNA-NA-JMS | B93: 810208791170 | C93: Kona Stroller- James - Black | Carbon Frame | Black Leather - NEW! ETA: October 2026 | D93: 1 | E93: 520 | F93: 899.99 | G93: Coming Soon | H93: Coming Soon | J93: =E93*I93 -> 0
A94: 2201-KNA-NA-RWN | B94: 810208793099 | C94: Kona Stroller - Rowan - Graphite | Graphite Frame | Saddle Leather - NEW! ETA: October 2026 | D94: 1 | E94: 520 | F94: 899.99 | G94: Coming Soon | H94: Coming Soon | J94: =E94*I94 -> 0
A95: 2201-KNA-NA | I95: =SUM(I91:I94) -> 0
A96: Kona Accessories
A97: 0901-KPR-WW | B97: 810208793037 | C97: Performance Rain shield for Kona - NEW! ETA: October 2026 | D97: 4 | E97: 33 | F97: 54.99 | G97: Coming Soon | H97: Coming Soon | J97: =E97*I97 -> 0
A98: 0901-KPB-WW | B98: 810208793020 | C98: Piggyback for Kona - NEW! ETA: October 2026 | D98: 4 | E98: TBD | F98: TBD | G98: Coming Soon | H98: Coming Soon
A99: 0901-KST-WW | B99: 810208793013 | C99: Snack Tray for Kona - NEW! ETA: October 2026 | D99: 4 | E99: 36 | F99: 59.399 | G99: Coming Soon | H99: Coming Soon | J99: =E99*I99 -> 0
A100: 0901-KTB-WW | B100: 810208793044 | C100: Travel Bag for Kona - NEW! ETA: October 2026 | D100: 4 | E100: 120 | F100: 199.99 | G100: Coming Soon | H100: Coming Soon | J100: =E100*I100 -> 0
A101: 0901-MCU-WW | B101: 810208793068 | C101: Cup Holder for Kona, Minu and Minu Duo- NEW! ETA TBA | D101: 6 | E101: 24 | F101: 39.99 | G101: Coming Soon | H101: Coming Soon | J101: =E101*I101 -> 0
A102: Ridge V2 Strollers
...

Sheet Stock_Status
A1: SKU | B1: ON | C1: BC
A2: Accessories | B2: STATUS | C2: STATUS
A3: 0001 | B3: Out Of Stock | C3: Out Of Stock
A4: 0028 | B4: Out Of Stock | C4: In Stock
A5: 0029 | B5: Out Of Stock | C5: In Stock
A6: 0033 | B6: Out Of Stock | C6: Out Of Stock
A7: 0048-ALX | B7: Out Of Stock | C7: Out Of Stock
A8: 0048-CLN | B8: Out Of Stock | C8: Out Of Stock
A9: 0048-MCA | B9: Out Of Stock | C9: Out Of Stock
A10: 0050 | B10: Out Of Stock | C10: In Stock
A11: 0054-CP | B11: In Stock | C11: Out Of Stock
A12: 0055 | B12: Out Of Stock | C12: Out Of Stock
... A1063: 2201-KNA-NA-JMS | B1063: Out Of Stock | C1063: Out Of Stock
A1064: 2201-KNA-NA-OWN | B1064: #N/A | C1064: #N/A
A1065: 2201-KNA-NA-RWN | B1065: Very Low Stock | C1065: Out Of Stock
A1066: Total - KONA | B1066: Out Of Stock | C1066: Out Of Stock
A1067: Minu | B1067: Out Of Stock | C1067: Out Of Stock
A1068: 0818-MIN-CA-DEV | B1068: Out Of Stock | C1068: Out Of Stock
A1069: 0818-MIN-CA-DNY | B1069: Out Of Stock | C1069: Out Of Stock
A1070: 0818-MIN-CA-JKE | B1070: Out Of Stock | C1070: Out Of Stock
A1071: 0818-MIN-CA-JOR | B1071: Out Of Stock | C1071: Out Of Stock
A1072: 0818-MIN-CA-RYN | B1072: Out Of Stock | C1072: Out Of Stock
A1073: Total - Minu | B1073: Out Of Stock | C1073: Out Of Stock
A1074: Minu Duo | B1074: Out Of Stock | C1074: Out Of Stock
A1075: Minu Duo | B1075: Out Of Stock | C1075: Out Of Stock
A1076: 0801-MND-NA-ADA | B1076: In Stock | C1076: Out Of Stock
... A1184: Total - Stroller | B1184: Out Of Stock | C1184: Out Of Stock
A1185: Total - Inventory Item | B1185: #N/A | C1185: #N/A
A1186: Total | B1186: #N/A | C1186: #N/A

Sheet 4Moms
A1: =#VALUE! -> #VALUE! | D1: Mamaroo Price List - 2024
A2: RETAILER: | E2: ORDER DATE:
A3: CONTACT NAME: | E3: CONTACT PHONE:
A4: CONTACT EMAIL:
A5: SHIPPING ADDRESS:
A6: Min Order Value: $300. For orders less than $300, there is a $10 processing fee.
A7: SKU | B7: UPC CODES | C7: DESCRIPTION | D7: FASHION | E7: WHOLESALE (CAD) | F7: MSRP (CAD) | G7: QTY | H7: TOTAL
A8: 2000912 | B8: 817980018884 | C8: mamaRoo multi-motion baby swing | D8: Rosewood | E8: 201.49 | F8: 309.99 | H8: =(E8*G8) -> 0
G9: =SUM(G8:G8) -> 0
A11: 2000177 | B11: 817980017139 | C11: Newborn Insert - plush | D11: Maroon | E11: 32.5 | F11: 49.99 | H11: =(E11*G11) -> 0
A12: 2001180 | B12: 817980017627 | C12: Newborn Insert - plush | D12: Grey | E12: 32.5 | F12: 49.99 | H12: =(E12*G12) -> 0
A13: 2001179 | B13: 817980017610 | C13: Newborn Insert - mesh | D13: Mint | E13: 32.5 | F13: 49.99 | H13: =(E13*G13) -> 0
G14: =SUM(G11:G13) -> 0
A16: 2000772 | B16: 817980017191 | C16: mamaRoo sleep bassinet sheet - cotton | D16: Grey | E16: 17 | F16: 24.99 | H16: =(E16*G16) -> 0
A17: LAST CHANCE (items below are discontinued)
A18: 2000916 | B18: 817980017450 | C18: connect high chair | D18: White/Grey | E18: 129.99 | F18: 199.99 | H18: =(E18*G18) -> 0
A20: 2000967 | B20: 817980017412 | C20: breeze bassinet sheet - cotton (single) | D20: White Crosshatch | E20: 29 | F20: 39.99 | H20: =(E20*G20) -> 0
A21: 2000968 | B21: 817980017429 | C21: breeze bassinet sheet - waterproof (single) | D21: Grey Beads | E21: 39 | F21: 54.99 | H21: =(E21*G21) -> 0
A22: 2000959 | B22: 817980017375 | C22: breeze playard sheet - cotton (single) | D22: White Crosshatch | E22: 33 | F22: 44.99 | H22: =(E22*G22) -> 0
A23: 2000960 | B23: 817980017382 | C23: breeze playard sheet - waterproof (single) | D23: Grey Beads | E23: 43 | F23: 59.99 | H23: =(E23*G23) -> 0
F25: ORDER TOTAL | G25: =SUM(G8:G24) -> 0 | H25: =SUM(H8:H24) -> 0

Sheet Skid_Info
A1: This tool is an estimate - the skids may to be built to differing dimensions.
A2: This tool is accounting for skids built up to a height of 80 inches - if you have different height requirements,then this information may not be accurate for your order.
A3: If you don't have access to a loading dock and require a truck with a liftgate, then your skids can only be built to a height of 72 inches.
A4: Below are some general numbers for a full skid of larger product.
A5: Calculations for accessories are based on full casepacks.
B7: Cartons per skid | C7: Units per carton
A8: Vista | B8: 12 | C8: single
A9: Ridge V2 | B9: 8 | C9: single
A10: Cruz | B10: 12 | C10: single
A11: Minu | B11: 30 | C11: single
A12: Minu Duo | B12: 8 | C12: single
A13: Glink | B13: 10 | C13: single
A14: Gluxe | B14: 18 | C14: single
A15: Rumbleseat | B15: 24 | C15: single
A16: Bassinet | B16: 24 | C16: single
A17: Mesa/Aria | B17: 12 | C17: single
A18: Rove | B18: 8 | C18: single
A19: Alta V2 | B19: 16 | C19: single
A20: Mesa V2 Base | B20: 15 | C20: 2
A21: Aria Base | B21: 25 | C21: single
A22: Remi | B22: 18 | C22: single
A23: Ciro | B23: 12 | C23: single
A24: Mira | B24: 36 | C24: single
A25: Mamaroo | B25: 18 | C25: single
A26: Soma | B26: 8 | C26: single

Sheet Skid_Calculator
C1: Units Per Skid | D1: On Order | E1: Skids
A2: Vista | B2: 0303-VSO-NA | C2: 12 | D2: =VLOOKUP(B2,UPPAbaby_Order_Form!A:J,9,FALSE) -> 0 | E2: =D2/C2 -> 0 | F2: =E77 -> 0
A3: Ridge V2 | B3: 1403-RDG-NA | C3: 8 | D3: =VLOOKUP(B3,UPPAbaby_Order_Form!A:J,9,FALSE) -> 0 | E3: =D3/C3 -> 0
A4: Cruz | B4: 0403-CRZ-NA | C4: 12 | D4: =VLOOKUP(B4,UPPAbaby_Order_Form!A:J,9,FALSE) -> 0 | E4: =D4/C4 -> 0
A5: Minu | B5: 0803-MIN-NA | C5: 30 | D5: =VLOOKUP(B5,UPPAbaby_Order_Form!A:J,9,FALSE) -> 0 | E5: =D5/C5 -> 0
A6: Minu Duo | B6: 0801-MND-NA | C6: 8 | D6: =VLOOKUP(B6,UPPAbaby_Order_Form!A:J,9,FALSE) -> 0 | E6: =D6/C6 -> 0
A7: Kona | B7: 2201-KNA-NA | C7: 12 | D7: =VLOOKUP(B7,UPPAbaby_Order_Form!A:J,9,FALSE) -> 0 | E7: =D7/C7 -> 0
A8: Rumbleseat | B8: 0904-RBS-NA | C8: 24 | D8: =VLOOKUP(B8,UPPAbaby_Order_Form!A:J,9,FALSE)+VLOOKUP("0903-RBS-CA",UPPAbaby_Order_Form!A:J,9,FALSE) -> 0 | E8: =D8/C8 -> 0
A9: Bassinet | B9: 0903-BAS-NA | C9: 24 | D9: =VLOOKUP(B9,UPPAbaby_Order_Form!A:J,9,FALSE) -> 0 | E9: =D9/C9 -> 0
A10: Mesa | B10: 1003-MSA-CA | C10: 12 | D10: =VLOOKUP(B10,UPPAbaby_Order_Form!A:J,9,FALSE) -> 0 | E10: =D10/C10 -> 0
A11: Aria | B11: 1002-ARI-CA | C11: 12 | D11: =VLOOKUP(B11,UPPAbaby_Order_Form!A:J,9,FALSE) -> 0 | E11: =D11/C11 -> 0
A12: Rove | B12: 1103-ROV-CA | C12: 8 | D12: =VLOOKUP(B12,UPPAbaby_Order_Form!A:J,9,FALSE) -> 0 | E12: =D12/C12 -> 0
A13: Alta V2 | B13: 1302-ALT-CA | C13: 16 | D13: =VLOOKUP(B13,UPPAbaby_Order_Form!A:J,9,FALSE) -> 0 | E13: =D13/C13 -> 0
A14: V2 Base | B14: 0278 | C14: =2*15 -> 30 | D14: =VLOOKUP(B14,UPPAbaby_Order_Form!A:J,9,FALSE) -> 0 | E14: =D14/C14 -> 0
A15: Aria Base | B15: 0901-ARB-CA | C15: 25 | D15: =VLOOKUP(B15,UPPAbaby_Order_Form!A:J,9,FALSE) -> 0 | E15: =D15/C15 -> 0
A16: Remi | B16: 1602-REM-NA | C16: 18 | D16: =VLOOKUP(B16,UPPAbaby_Order_Form!A:J,9,FALSE) -> 0 | E16: =D16/C16 -> 0
A17: Ciro | B17: 1702-CIR-NA | C17: 12 | D17: =VLOOKUP(B17,UPPAbaby_Order_Form!A:J,9,FALSE) -> 0 | E17: =D17/C17 -> 0
A18: Mira | B18: 1802-MIR-NA | C18: =1*36 -> 36 | D18: =VLOOKUP(B18,UPPAbaby_Order_Form!A:J,9,FALSE) -> 0 | E18: =D18/C18 -> 0
A19: Mamaroo | B19: 2001-MRO-NA | C19: 18 | D19: =VLOOKUP(B19,UPPAbaby_Order_Form!A:J,9,FALSE) -> 0 | E19: =D19/C19 -> 0
A20: Soma | B20: 2101-ROS-CA-CHR | C20: 8 | D20: =VLOOKUP(B20,UPPAbaby_Order_Form!A:J,9,FALSE) -> 0 | E20: =D20/C20 -> 0
B21: 0156 | C21: =4*16 -> 64 | D21: =VLOOKUP(B21,UPPAbaby_Order_Form!$A$13:$I$318,9,FALSE) -> 0 | E21: =D21/C21 -> 0
B22: 0172 | C22: =4*96 -> 384 | D22: =VLOOKUP(B22,UPPAbaby_Order_Form!$A$13:$I$318,9,FALSE) -> 0 | E22: =D22/C22 -> 0
B23: 0176 | C23: =4*120 -> 480 | D23: =VLOOKUP(B23,UPPAbaby_Order_Form!$A$13:$I$318,9,FALSE) -> 0 | E23: =D23/C23 -> 0
B24: 0212 | C24: =6*48 -> 288 | D24: =VLOOKUP(B24,UPPAbaby_Order_Form!$A$13:$I$318,9,FALSE) -> 0 | E24: =D24/C24 -> 0
B25: 0214 | C25: =2*400 -> 800 | D25: =VLOOKUP(B25,UPPAbaby_Order_Form!$A$13:$I$318,9,FALSE) -> 0 | E25: =D25/C25 -> 0
B26: 0217 | C26: =4*12 -> 48 | D26: =VLOOKUP(B26,UPPAbaby_Order_Form!$A$13:$I$318,9,FALSE) -> 0 | E26: =D26/C26 -> 0
B27: 0228 | C27: =4*60 -> 240 | D27: =VLOOKUP(B27,UPPAbaby_Order_Form!$A$13:$I$318,9,FALSE) -> 0 | E27: =D27/C27 -> 0
B28: 0259 | C28: =4*128 -> 512 | D28: =VLOOKUP(B28,UPPAbaby_Order_Form!$A$13:$I$318,9,FALSE) -> 0 | E28: =D28/C28 -> 0
B29: 0270 | C29: =4*25 -> 100 | D29: =VLOOKUP(B29,UPPAbaby_Order_Form!$A$13:$I$318,9,FALSE) -> 0 | E29: =D29/C29 -> 0
B30: 0273 | C30: =4*32 -> 128 | D30: =VLOOKUP(B30,UPPAbaby_Order_Form!$A$13:$I$318,9,FALSE) -> 0 | E30: =D30/C30 -> 0
B31: 0274 | C31: =6*40 -> 240 | D31: =VLOOKUP(B31,UPPAbaby_Order_Form!$A$13:$I$318,9,FALSE) -> 0 | E31: =D31/C31 -> 0
B32: 0266-JKE | C32: =12*45 -> 540 | D32: =VLOOKUP(B32,UPPAbaby_Order_Form!$A$13:$I$318,9,FALSE) -> 0 | E32: =D32/C32 -> 0
B33: 0901-BEV-WW | C33: =2*10 -> 20 | D33: =VLOOKUP(B33,UPPAbaby_Order_Form!$A$13:$I$318,9,FALSE) -> 0 | E33: =D33/C33 -> 0
B34: 0901-BST-WW-GRY | C34: =1*30 -> 30 | D34: =VLOOKUP(B34,UPPAbaby_Order_Form!$A$13:$I$318,9,FALSE) -> 0 | E34: =D34/C34 -> 0
B35: 0901-BST-WW-NAT | C35: =1*30 -> 30 | D35: =VLOOKUP(B35,UPPAbaby_Order_Form!$A$13:$I$318,9,FALSE) -> 0 | E35: =D35/C35 -> 0
B36: 0901-BST-WW-WHT | C36: =1*30 -> 30 | D36: =VLOOKUP(B36,UPPAbaby_Order_Form!$A$13:$I$318,9,FALSE) -> 0 | E36: =D36/C36 -> 0
B37: 0901-MFB-WW | C37: =4*16 -> 64 | D37: =VLOOKUP(B37,UPPAbaby_Order_Form!$A$13:$I$318,9,FALSE) -> 0 | E37: =D37/C37 -> 0
B38: 0901-MPB-NA | C38: =4*16 -> 64 | D38: =VLOOKUP(B38,UPPAbaby_Order_Form!$A$13:$I$318,9,FALSE) -> 0 | E38: =D38/C38 -> 0
B39: 0901-PCG-CA | C39: =1*50 -> 50 | D39: =VLOOKUP(B39,UPPAbaby_Order_Form!A:J,9,FALSE) -> 0 | E39: =D39/C39 -> 0
B40: 0901-PCN-WW | C40: =2*72 -> 144 | D40: =VLOOKUP(B40,UPPAbaby_Order_Form!$A$13:$I$318,9,FALSE) -> 0 | E40: =D40/C40 -> 0
B41: 0901-PMC-WW | C41: =2*350 -> 700 | D41: =VLOOKUP(B41,UPPAbaby_Order_Form!$A$13:$I$318,9,FALSE) -> 0 | E41: =D41/C41 -> 0
B42: 0901-PTB-WW | C42: =4*30 -> 120 | D42: =VLOOKUP(B42,UPPAbaby_Order_Form!$A$13:$I$318,9,FALSE) -> 0 | E42: =D42/C42 -> 0
B43: 0901-RMA-WW | C43: =2*350 -> 700 | D43: =VLOOKUP(B43,UPPAbaby_Order_Form!$A$13:$I$318,9,FALSE) -> 0 | E43: =D43/C43 -> 0
B44: 0901-RPB-WW | C44: =2*36 -> 72 | D44: =VLOOKUP(B44,UPPAbaby_Order_Form!$A$13:$I$318,9,FALSE) -> 0 | E44: =D44/C44 -> 0
B45: 0901-RPC-WW | C45: =4*60 -> 240 | D45: =VLOOKUP(B45,UPPAbaby_Order_Form!$A$13:$I$318,9,FALSE) -> 0 | E45: =D45/C45 -> 0
B46: 0901-RRS-WW | C46: =4*55 -> 220 | D46: =VLOOKUP(B46,UPPAbaby_Order_Form!$A$13:$I$318,9,FALSE) -> 0 | E46: =D46/C46 -> 0
B47: 0901-RST-WW | C47: =4*36 -> 144 | D47: =VLOOKUP(B47,UPPAbaby_Order_Form!$A$13:$I$318,9,FALSE) -> 0 | E47: =D47/C47 -> 0
B48: 0902-MTB-WW | C48: =4*24 -> 96 | D48: =VLOOKUP(B48,UPPAbaby_Order_Form!$A$13:$I$318,9,FALSE) -> 0 | E48: =D48/C48 -> 0
B49: 0903-MMA-WW | C49: =2*400 -> 800 | D49: =VLOOKUP(B49,UPPAbaby_Order_Form!$A$13:$I$318,9,FALSE) -> 0 | E49: =D49/C49 -> 0
B50: 0901-VLA-NA | C50: =2*350 -> 700 | D50: =VLOOKUP(B50,UPPAbaby_Order_Form!$A$13:$I$318,9,FALSE) -> 0 | E50: =D50/C50 -> 0
B51: 0902-CUP-WW | C51: =2*370 -> 740 | D51: =VLOOKUP(B51,UPPAbaby_Order_Form!$A$13:$I$318,9,FALSE) -> 0 | E51: =D51/C51 -> 0
B52: 0918-MRS-WW | C52: =4*144 -> 576 | D52: =VLOOKUP(B52,UPPAbaby_Order_Form!$A$13:$I$318,9,FALSE) -> 0 | E52: =D52/C52 -> 0
B53: 0918-MTC-WW | C53: =6*100 -> 600 | D53: =VLOOKUP(B53,UPPAbaby_Order_Form!$A$13:$I$318,9,FALSE) -> 0 | E53: =D53/C53 -> 0
B54: 0918-MXA-WW | C54: =4*200 -> 800 | D54: =VLOOKUP(B54,UPPAbaby_Order_Form!$A$13:$I$318,9,FALSE) -> 0 | E54: =D54/C54 -> 0
B55: 0919-CPB-WW | C55: =4*16 -> 64 | D55: =VLOOKUP(B55,UPPAbaby_Order_Form!$A$13:$I$318,9,FALSE) -> 0 | E55: =D55/C55 -> 0
B56: 0902-DPB-WW | C56: =2*48 -> 96 | D56: =VLOOKUP(B56,UPPAbaby_Order_Form!A:J,9,FALSE) -> 0 | E56: =D56/C56 -> 0
B57: 0919-MST-WW | C57: =4*80 -> 320 | D57: =VLOOKUP(B57,UPPAbaby_Order_Form!$A$13:$I$318,9,FALSE) -> 0 | E57: =D57/C57 -> 0
B58: 0919-UMA-WW | C58: =4*200 -> 800 | D58: =VLOOKUP(B58,UPPAbaby_Order_Form!$A$13:$I$318,9,FALSE) -> 0 | E58: =D58/C58 -> 0
B59: 0902-CGN-WW | C59: =4*16 -> 64 | D59: =VLOOKUP(B59,UPPAbaby_Order_Form!A:J,9,FALSE) -> 0 | E59: =D59/C59 -> 0
B60: 0920-MCG-WW | C60: =4*24 -> 96 | D60: =VLOOKUP(B60,UPPAbaby_Order_Form!A:J,9,FALSE) -> 0 | E60: =D60/C60 -> 0
B61: 0920-SNG-WW | C61: =4*18 -> 72 | D61: =VLOOKUP(B61,UPPAbaby_Order_Form!$A$13:$I$318,9,FALSE) -> 0 | E61: =D61/C61 -> 0
B62: 0920-STB-WW | C62: =1*44 -> 44 | D62: =VLOOKUP(B62,UPPAbaby_Order_Form!$A$13:$I$318,9,FALSE) -> 0 | E62: =D62/C62 -> 0
B63: 0920-TRS-WW | C63: =4*72 -> 288 | D63: =VLOOKUP(B63,UPPAbaby_Order_Form!$A$13:$I$318,9,FALSE) -> 0 | E63: =D63/C63 -> 0
B64: 0920-VCB-WW | C64: =4*180 -> 720 | D64: =VLOOKUP(B64,UPPAbaby_Order_Form!$A$13:$I$318,9,FALSE) -> 0 | E64: =D64/C64 -> 0
B65: 0901-CHM-WW | C65: =4*60 -> 240 | D65: =VLOOKUP(B65,UPPAbaby_Order_Form!A:J,9,FALSE) -> 0 | E65: =D65/C65 -> 0
B66: 0904-MMA-WW | C66: 800 | D66: =VLOOKUP(B66,UPPAbaby_Order_Form!$A$13:$I$318,9,FALSE) -> 0 | E66: =D66/C66 -> 0
B67: 0901-MXA-WW | C67: 800 | D67: =VLOOKUP(B67,UPPAbaby_Order_Form!$A$13:$I$318,9,FALSE) -> 0 | E67: =D67/C67 -> 0
B68: 0901-MST-WW | C68: 288 | D68: =VLOOKUP(B68,UPPAbaby_Order_Form!$A$13:$I$318,9,FALSE) -> 0 | E68: =D68/C68 -> 0
B69: 0902-MPB-NA | C69: 48 | D69: =VLOOKUP(B69,UPPAbaby_Order_Form!$A$13:$I$318,9,FALSE) -> 0 | E69: =D69/C69 -> 0
B70: 0901-MBB-WW | C70: 135 | D70: =VLOOKUP(B70,UPPAbaby_Order_Form!A:J,9,FALSE) -> 0 | E70: =D70/C70 -> 0
A71: 4moms | B71: mamaRoo Swing | C71: 18 | D71: ='4Moms'!G9 -> 0 | E71: =D71/C71 -> 0
B72: Plush Insert | C72: 378 | D72: ='4Moms'!G14 -> 0 | E72: =D72/C72 -> 0
B73: Sleep bassinet sheets | C73: =4*272 -> 1088 | D73: ='4Moms'!G16 -> 0 | E73: =D73/C73 -> 0
B74: Connect high chair | C74: 24 | D74: ='4Moms'!G18 -> 0 | E74: =D74/C74 -> 0
B75: Breeze playard sheets | C75: 336 | D75: ='4Moms'!G22+'4Moms'!G23 -> 0 | E75: =D75/C75 -> 0
B76: Breeze bassinet sheets | C76: 720 | D76: ='4Moms'!G20+'4Moms'!G21 -> 0 | E76: =D76/C76 -> 0
E77: =SUM(E2:E76) -> 0
